 Dungeon Crawl Stone Soup version 0.29.0-4-gdea44cf6ec (webtiles) character file.

Game seed: 11747335540106331627

48 qw the Chopper (level 3, -1/21 HPs)
             Began as a Tengu Warper on Aug 28, 2022.
             Slain by a hobgoblin (3 damage)
             ... on level 2 of the Dungeon.
             The game lasted 00:00:10 (1263 turns).

qw the Chopper (Tengu Warper)                       Turns: 1263, Time: 00:00:10

Health: -1/21      AC:  3    Str: 13    XL:     3   Next: 72%
Magic:  7/7        EV: 12    Int: 13    God:
Gold:   79         SH:  0    Dex: 13    Spells: 6/6 levels left

rFire   . . .      SeeInvis .   Y - +0 hand axe
rCold   . . .      Faith    .   (no shield)
rNeg    . . .      Spirit   .   b - +0 leather armour
rPois   .          Reflect  .   (helmet restricted)
rElec   .          Harm     .   (no cloak)
rCorr   .          Rampage  .   (no gloves)
Will    .....                   (boots unavailable)
Stlth   +.........              (no amulet)
HPRegen 0.07/turn               (no ring)
MPRegen 0.10/turn               (no ring)

@: no status effects
A: beak, talons 3
a: no special abilities


You were on level 2 of the Dungeon.
You visited 1 branch of the dungeon, and saw 2 of its levels.

You collected 79 gold pieces.


Innate Abilities, Weirdness & Mutations

You have a beak for a mouth.
You have claws for feet.


   Skills:
 - Level 2.0 Fighting
 + Level 4.3 Axes
 - Level 1.0 Throwing
 - Level 1.1 Armour
 - Level 2.1 Dodging
 - Level 2.0 Spellcasting
 - Level 2.4 Translocations


You had 6 spell levels left.
You didn't know any spells.
Your spell library contained the following spells:

 Spells                   Type           Power      Damage    Failure   Level
 Blink                    Tloc           14%        N/A       19%         2
 Gell's Gravitas          Tloc           7%         N/A       36%         3
 Lesser Beckoning         Tloc           7%         N/A       36%         3
 Teleport Other           Tloc           7%         N/A       36%         3
 Manifold Assault         Tloc           7%         N/A       98%         5

Inventory:

Hand Weapons
 a - a +0 flail
 Y - a +0 hand axe (weapon)
Armour
 b - a +0 leather armour (worn)
Potions
 g - a potion of brilliance {unknown}
 h - a potion of heal wounds {unknown}

Dungeon Overview and Level Annotations

Branches:
Dungeon (2/15)

Altars:


Message History

You hit the jackal but do no damage. You completely miss the jackal.
You hit the jackal.
The jackal barely misses you. x2; The jackal misses you.
The jackal barely misses you. The jackal misses you.
You closely miss the jackal.
The jackal is almost dead.
You hit the jackal.
You kill the jackal!
You closely miss the jackal. You hit the jackal but do no damage.
The jackal bites you.
The jackal closely misses you. x2; The jackal misses you.
The jackal bites you but does no damage.
The jackal misses you. The jackal barely misses you.
You hit the jackal.
You kill the jackal!
You barely miss the jackal. You hit the jackal. x2
The jackal barely misses you. x2
The jackal bites you but does no damage.
You barely miss the jackal.
The jackal is almost dead.
You hit the jackal. You hit the jackal but do no damage.
The jackal barely misses you. The jackal misses you.
The jackal closely misses you. The jackal bites you.
The jackal bites you but does no damage.
The jackal barely misses you.
You hit the jackal.
You kill the jackal!
You hit the jackal. x2
You kill the jackal!
The jackal bites you but does no damage.
The hobgoblin hits you.
You hit the jackal but do no damage. Your peck misses the jackal.
The jackal is severely wounded.
You hit the hobgoblin.
The jackal bites you but does no damage. x2
The hobgoblin hits you.
You hit the jackal.
You kill the jackal!
You barely miss the hobgoblin. The hobgoblin hits you.
You die...

####### ### .......
#############.# ..$....
..............###.......
.........#######........
.........# ###.#......
.........### #..@.......
...##......###.##g......
..###.#...###%.# .......
##......#.....###.......
##.###..................
...######....#####......
..##......#####. ......
................# ###.##
....#############


You could see a hobgoblin.

Vanquished Creatures
  A dart slug (D:1)
  4 bats
  2 endoplasms (D:1)
  A giant cockroach (D:1)
  3 goblins (D:1)
  4 hobgoblins (D:1)
  11 jackals
  3 ball pythons
  6 frilled lizards
  4 kobolds (D:1)
  4 rats (D:1)
43 creatures vanquished.

Notes
Turn   | Place    | Note
-------+----------+-------------------------------------------
     0 | D:1      | qw the Tengu Warper began the quest for the Orb.
     0 | D:1      | Reached XP level 1. HP: 12/12 MP: 4/4
     0 | D:1      | 0 ||| qw: Version: 0.1-a-89-g26bdef1
     0 | D:1      | 0 ||| qw: Game counter: 3098
     0 | D:1      | 0 ||| qw: Always use a shield: true
     0 | D:1      | 0 ||| qw: God list: Okawaru
     0 | D:1      | 0 ||| qw: Allow faded altars: false
     0 | D:1      | 0 ||| qw: Do Orc after D:15 true
     0 | D:1      | 0 ||| qw: Do second Lair branch before Depths: true
     0 | D:1      | 0 ||| qw: Lair rune preference: random
     0 | D:1      | 0 ||| qw: Plans: Normal
     0 | D:1      | 0 ||| PLANNING D:1-11
    36 | D:1      | 36 ||| Stepping ~*~*~tactically~*~*~ (hiding).
    46 | D:1      | Reached XP level 2. HP: 16/17 MP: 6/6
    55 | D:1      | Reached skill level 3 in Axes
   107 | D:1      | 107 ||| Stepping ~*~*~tactically~*~*~ (stealth).
   115 | D:1      | 115 ||| Stepping ~*~*~tactically~*~*~ (stealth).
   144 | D:1      | 144 ||| Stepping ~*~*~tactically~*~*~ (stealth).
   146 | D:1      | 146 ||| Stepping ~*~*~tactically~*~*~ (stealth).
   237 | D:1      | 237 ||| Stepping ~*~*~tactically~*~*~ (stealth).
   374 | D:1      | 374 ||| Stepping ~*~*~tactically~*~*~ (stealth).
   463 | D:1      | Reached XP level 3. HP: 19/21 MP: 7/7
   480 | D:1      | 480 ||| Stepping ~*~*~tactically~*~*~ (stealth).
   539 | D:1      | 539 ||| Stepping ~*~*~tactically~*~*~ (stealth).
   965 | D:1      | Reached skill level 4 in Axes
   977 | D:1      | 977 ||| Stepping ~*~*~tactically~*~*~ (stealth).
   979 | D:1      | 979 ||| Stepping ~*~*~tactically~*~*~ (stealth).
   980 | D:1      | 980 ||| Stepping ~*~*~tactically~*~*~ (stealth).
  1036 | D:1      | 1036 ||| READING scroll labelled ROOCUI CENN.
  1037 | D:1      | 1037 ||| READING scroll labelled JEUPUE WURITE.
  1038 | D:1      | 1038 ||| DROPPING scroll of blinking.
  1079 | D:2      | 1079 ||| STAIRDANCE
  1173 | D:2      | 1173 ||| DROPPING +0 whip.
  1260 | D:2      | HP: 5/21 [jackal (1)]
  1262 | D:2      | HP: 2/21 [hobgoblin (3)]
  1263 | D:2      | Slain by a hobgoblin

Levels and vault maps discovered:
D:1:      dpeg_chamrin_arrival_tetris, layout_rooms, lemuel_flame_loot_1
D:2:      layout_rooms, basic_altar, minmay_misc_feat_four_crosses, uniq_jessica

Skill      XL: |  1  2  3 |
---------------+----------+-----
Axes           | 3 4 |  4.3
Fighting       | |  2.0
Throwing       | |  1.0
Armour         | |  1.1
Dodging        | |  2.1
Spellcasting   | |  2.0
Translocations | |  2.4

Action                   || total
-------------------------++-------
Melee: Hand axe          ||    84
       Kick              ||    19
       Peck              ||     8
Throw: Boomerang         ||     7
  Use: Scroll            ||     2
Armor: Leather armour    ||    30
Dodge: Dodged            ||    71

Table legend:
 A = Non-vault XP
 B = Vault XP
 C = Vault XP percentage of total XP
 D = Non-vault monster count
 E = Vault monster count
 F = Vault count percentage of total count
                 A         B        C        D         E       F
            +---------+---------+-------+---------+---------+-------
      Total |      71 |       0 |   0.0 |      43 |       0 |   0.0
            +---------+---------+-------+---------+---------+-------
        D:1 |      49 |       0 |   0.0 |      30 |       0 |   0.0
        D:2 |      22 |       0 |   0.0 |      13 |       0 |   0.0
            +---------+---------+-------+---------+---------+-------
